AoeStats
← 唉呦我的媽

Arena

509837884Analyzed
4v4 RM · 4d ago on Sep 28, 2026· 38m 40s· 8 players
Game mode
Random Map
Map size
Large (8 player)
Population
200
Speed
Normal
Resources
Standard
Victory
Conquest
Starting age
Dark Age
Ending age
Imperial Age
RankedLock teamsTeams togetherTeam positionsShared explorationLock speedFull tech treeHidden civsTurbo modeCheats
Victory
Defeat
🇨🇳 Aztecs · China
1070
+9
🇦🇷 Wei · Argentina
837
+18
🇨🇳 Berbers · China
821
+19
🇨🇳 Malay · China
730
+23
🇩🇪 Persians · Germany
905
-18
892
-17
🇹🇼 Huns · Taiwan
889
-17
🇩🇪 Franks · Germany
875
-17
Market Blockers
11:22 Feudal Age
12:39 Double-Bit Axe
12:36 Horse Collar
15:20 Castle Age
14:28 Wheelbarrow
16:45 Bow Saw
24:55 Scale Barding Armor
24:59 Loom
26:12 Bloodlines
26:02 Husbandry
27:02 Heavy Plow
30:16 Imperial Age
28:47 Hand Cart
28:18 Town Watch
29:15 Forging
29:53 Chain Barding Armor
29:25 Gold Mining
30:47 Iron Casting
32:06 Chemistry
31:34 Maghrebi Camels
31:56 Conscription
31:53 Heavy Camel Rider
33:23 Gold Shaft Mining
33:37 Ballistics
33:02 Elite Genitour
34:07 Padded Archer Armor
33:59 Fletching
35:38 Thumb Ring
36:29 Kasbah
37:52 Blast Furnace
37:28 Plate Barding Armor
37:30 Bodkin Arrow
37:50 Leather Archer Armor
38:33 Stone Mining
Gatherer
12:21 Feudal Age
13:00 Double-Bit Axe
13:14 Horse Collar
15:43 Castle Age
14:06 Double-Bit Axe
15:49 Bow Saw
15:41 Heavy Plow
17:52 Wheelbarrow
24:51 Loom
28:36 Imperial Age
26:45 Hand Cart
26:29 Gold Mining
26:29 Stone Mining
26:29 Gold Mining
26:29 Stone Mining
26:42 Stone Mining
27:14 Forging
27:09 Scale Barding Armor
27:54 Gold Shaft Mining
28:30 Stone Shaft Mining
28:21 Husbandry
28:59 Iron Casting
28:29 Scale Barding Armor
29:14 Elite Battle Elephant
33:34 Blast Furnace
34:08 Fletching
35:45 Crop Rotation
35:02 Town Watch
35:53 Conscription
38:39 Town Patrol
咚咚帕
5:52 Loom
10:26 Feudal Age
10:57 Double-Bit Axe
16:14 Castle Age
14:54 Horse Collar
23:04 Bow Saw
22:56 Stone Mining
22:57 Gold Mining
27:15 Wheelbarrow
29:53 Imperial Age
27:11 Town Watch
27:50 Bloodlines
28:38 Husbandry
29:49 Scale Barding Armor
29:55 Forging
29:35 Fletching
29:46 Padded Archer Armor
30:31 Thumb Ring
31:05 Heavy Plow
32:02 Conscription
31:50 Bodkin Arrow
35:26 Heavy Hei Guang Cavalry
36:33 Ming Guang Armor
36:59 Ballistics
37:40 Chemistry
AisakaTaiga
9:21 Loom
11:06 Feudal Age
15:38 Castle Age
13:33 Double-Bit Axe
14:13 Horse Collar
17:27 Bow Saw
20:37 Gold Mining
20:34 Pikeman
24:08 Wheelbarrow
24:52 Gold Shaft Mining
24:26 Heavy Plow
24:31 Town Watch
27:06 Fervor
28:35 Stone Mining
29:17 Forging
29:08 Scale Mail Armor
31:48 Imperial Age
29:50 Redemption
29:42 Devotion
30:04 Sanctity
29:46 Atonement
30:07 Heresy
29:43 Herbal Medicine
30:31 Stone Shaft Mining
30:17 Hand Cart
32:12 Scale Mail Armor
32:24 Forging
33:02 Town Patrol
33:28 Chain Mail Armor
32:38 Eagle Warrior
33:19 Squires
33:04 Arson
33:05 Gambesons
33:20 Man-at-Arms
34:46 Iron Casting
37:13 Blast Furnace
36:44 Plate Mail Armor
36:39 Faith
36:45 Illumination
36:35 Block Printing
36:56 Theocracy
37:06 Crop Rotation
37:52 Onager
38:41 Padded Archer Armor
38:25 Elite Skirmisher
39:30 Conscription
39:31 Garland Wars
39:15 Atlatl
38:36 Elite Jaguar Warrior
MamDé62
0:41 Loom
12:14 Feudal Age
12:43 Double-Bit Axe
12:40 Horse Collar
13:51 Wheelbarrow
13:42 Town Watch
23:24 Castle Age
21:30 Gold Mining
21:49 Stone Mining
24:05 Heavy Plow
24:42 Bow Saw
26:59 Caravan
32:09 Imperial Age
30:44 Bloodlines
30:35 Husbandry
30:43 Squires
30:06 Pikeman
31:18 Hand Cart
32:03 Forging
31:41 Arson
32:08 Scale Mail Armor
33:29 Iron Casting
34:05 Halberdier
37:05 Chain Mail Armor
唉呦我的媽
11:17 Feudal Age
15:14 Castle Age
13:37 Stone Mining
14:14 Double-Bit Axe
14:54 Horse Collar
20:23 Forging
21:50 Iron Casting
23:04 Scale Barding Armor
24:42 Husbandry
24:53 Bloodlines
26:32 Chain Barding Armor
26:44 Gold Mining
27:34 Wheelbarrow
27:24 Bow Saw
27:28 Heavy Plow
28:17 Marauders
28:37 Hand Cart
30:37 Pikeman
31:18 Squires
31:04 Arson
34:11 Imperial Age
32:11 Scale Mail Armor
34:08 Gold Shaft Mining
34:05 Chain Mail Armor
35:55 Two-Man Saw
34:42 Halberdier
38:04 Blast Furnace
少打游戏多学习
11:18 Feudal Age
12:02 Loom
12:43 Horse Collar
15:58 Castle Age
14:50 Double-Bit Axe
16:59 Bow Saw
19:14 Fervor
21:52 Chemistry
22:12 Heavy Plow
22:24 Padded Archer Armor
25:01 Fletching
27:19 Wheelbarrow
27:41 Town Watch
29:34 Hand Cart
29:58 Ballistics
30:25 Masonry
33:29 Imperial Age
31:59 Leather Archer Armor
32:07 Forging
31:58 Scale Mail Armor
32:32 Wagenburg Tactics
32:41 Squires
32:02 Pikeman
34:32 Hussite Reforms
34:50 Conscription
34:39 Devotion
35:52 Two-Man Saw
35:18 Siege Engineers
35:51 Houfnice
NikNak1876795
4:42 Loom
10:55 Feudal Age
11:26 Double-Bit Axe
16:44 Castle Age
23:44 Gold Mining
23:46 Stone Mining
25:30 Wheelbarrow
29:25 Gold Shaft Mining
28:22 Pikeman
30:28 Gambesons
31:35 Fortified Wall
35:40 Imperial Age
Connection lost

Rejoining the realm…

Still unreachable

The connection could not be restored.

Session expired

The server has moved on; the page needs a fresh start.